 Dungeon Crawl Stone Soup version 0.13-a0-2485-g242ae62 (webtiles) character file.

6002 Rycklaryybbe the Nimble (level 10, -1/76 (77) HPs)
             Began as a Grey Draconian Monk on July 21, 2013.
             Was a High Priest of Okawaru.
             Slain by an unseen horror (2 damage)
             ... on Level 10 of the Dungeon.
             The game lasted 00:39:42 (10237 turns).

Rycklaryybbe the Nimble (Grey Draconian Monk)      Turns: 10237, Time: 00:39:43

HP  -1/76 (77)   AC 13     Str 14      XL: 10   Next: 48%
MP   9/9         EV 27     Int  9 (10) God: Okawaru [*****.]
Gold 293         SH  0     Dex 22      Spells:  1 memorised,  7 levels left

Res.Fire  : . . .   See Invis. : .     - Unarmed
Res.Cold  : . . .   Warding    : .   (armour unavailable)
Life Prot.: + . .   Conserve   : .   (no shield)
Res.Poison: .       Res.Corr.  : .   (helmet restricted)
Res.Elec. : .       Clarity    : .   B - +0 cloak
Sust.Abil.: . .     Spirit.Shd : .   (no gloves)
Res.Mut.  : .       Stasis     : .   (no boots)
Res.Rott. : .       Flight     : .   (no amulet)
Saprovore : . . .                    k - ring of flight
                                     e - ring of positive energy

@: agile, somewhat resistant to hostile enchantments, quite stealthy
A: walk through water, unfitting armour, unbreathing, AC +12
a: Heroism, Finesse, Renounce Religion, Evoke Flight


You were on level 10 of the Dungeon.
You worshipped Okawaru.
Okawaru was extremely pleased with you.
You were very hungry.

You visited 2 branches of the dungeon, and saw 11 of its levels.

You collected 348 gold pieces.
You spent 55 gold pieces at shops.

Inventory:

Hand weapons
 u - a +0,+0 sling
 D - the +8,+5 short sword of Order {venom, +Rage rF++ rC+}
   (You found it on level 4 of the Dungeon)

   It poisons the flesh of those it strikes.
   It greatly protects you from fire.
   It protects you from cold.
   It lets you go berserk.
Missiles
 f - 2 darts (quivered)
 g - 6 poisoned needles
 j - 12 stones
 E - 3 poisoned darts
Armour
 B - a +0 cloak (worn)
 J - a +0 large shield
Magical devices
 x - a wand of cold (4)
 y - a wand of random effects (5) {unknown}
 z - a wand of cold (3)
 C - a wand of enslavement (11)
 H - a wand of lightning (5) {unknown}
 I - a wand of slowing (18) {unknown}
 M - a wand of enslavement (18)
Comestibles
 b - 4 bread rations
 h - 9 strawberries
 n - 2 chokos
 s - 8 meat rations
Scrolls
 c - a scroll of amnesia
 i - 3 scrolls of teleportation
 p - 7 scrolls of remove curse
 v - 7 scrolls of identify
 w - 3 scrolls of fear
 A - a scroll of fog
 F - 3 scrolls of enchant armour {unknown}
 N - a scroll of blinking
Jewellery
 a - an uncursed ring of sustenance
 e - a ring of positive energy (left hand)
 k - a ring of flight (right hand)
 O - an uncursed ring of wizardry
Potions
 d - 3 potions of poison {unknown}
 r - a potion of magic
 G - 2 potions of curing
 K - a potion of restore abilities
 T - a potion of berserk rage
Books
 l - a book of Wizardry

   Spells                             Type                      Level
   Summon Elemental                   Summoning                    4
   Agony                              Necromancy                   5
   Force Lance                        Conjuration                  5
   Fireball                           Conjuration/Fire             5
   Haste                              Charms                       6
   Invisibility                       Hexes                        6
 Q - a book of Geomancy

   Spells                             Type                      Level
   Sandblast                          Earth                        1
   *Stoneskin                         Transmutation/Earth          2
   Passwall                           Transmutation/Earth          3
   Stone Arrow                        Conjuration/Earth            3
   Petrify                            Transmutation/Earth          4
   Lee's Rapid Deconstruction         Earth                        5


   Skills:
 - Level 3.2 Fighting
 - Level 10.2 Dodging
 - Level 1.7 Stealth
 - Level 10.1 Unarmed Combat
 + Level 2.1 Transmutations
 + Level 7.8 Earth Magic


You had 7 spell levels left.
You knew the following spells:

 Your Spells              Type           Power        Failure   Level  Hunger
a - Stoneskin             Trmt/Erth      #.........   12%         2    ###....


Dungeon Overview and Level Annotations

Branches:
Dungeon (10/27)            Temple (1/1) D:4             Orc (0/4) D:8
   Lair (0/8) D:9

Altars:
Ashenzari
Cheibriados
Elyvilon
Fedhas
Kikubaaqudgha
Makhleb
Nemelex Xobeh
Okawaru
Sif Muna
Trog
Vehumet
Xom
Yredelemnul
Zin
the Shining One

Shops:
D:4: * D:5: } D:9: (?=(

Annotations
D:9 exclusions: ice statue and orange crystal statue


Innate Abilities, Weirdness & Mutations

You can walk through water.
Your dull iron-grey scales are very hard (AC +12).
Your body does not fit into most forms of armour.
Your cold-blooded metabolism reacts poorly to cold.
You can survive without breathing.


Message History

You closely miss it. It hits you!
* * * LOW HITPOINT WARNING * * *
It hits you but does no damage.
Drink which item? (? for menu, Esc to quit)
You feel better. It closely misses you. It misses you.
Drink which item? (? for menu, Esc to quit)
You feel more agile all of a sudden. It hits you but does no damage.
It barely misses you.
You punch it! You tail-slap it. It hits you but does no damage.
It barely misses you.
You miss it. It completely misses you. It hits you!
* * * LOW HITPOINT WARNING * * *
You hit it. You tail-slap it. It misses you. It closely misses you.
It hits you!
* * * LOW HITPOINT WARNING * * *
Drink which item? (? for menu, Esc to quit)
You feel better. It hits you!
* * * LOW HITPOINT WARNING * * *
It hits you.
You die...

#.#.# #.# #.#.# # #.#
#.#.# #. #.# # #.#.#
###.######.#
#.###.#(##
............ ........
........###. .....#
#######........
#.#.####.......#..###.
#....@.........#..# ##
#...####.####..#..# #
#)...# #.# #..#..# ..
#..#.# #.####..#..#.##
##..#.#
#.....)........
#...#.#
#.####.)...#.##
#.#.#.. ..# #..##.#.#
#.#.### ..# #........
....# ... ....#....##


There were no monsters in sight!

Vanquished Creatures
  A hill giant (D:10)
  Eustachio (D:8)
  A wraith (D:7)
  4 hippogriffs
  Edmund (D:5)
  A hungry ghost (D:8)
  A necrophage (D:7)
  A phantom (D:4)
  3 orc warriors
  4 sky beasts
  4 ogres
  4 centaurs
  A big kobold (D:10)
  Duvessa (D:6)
  Blork the orc (D:5)
  3 giant frogs
  3 water moccasins
  A manticore skeleton (D:9)
  3 killer bees (D:10)
  5 wights (D:7)
  A yak skeleton (D:4)
  6 crimson imps
  Dowan (D:6)
  A giant frog zombie (D:8)
  6 hounds
  A quasit (D:10)
  A scorpion (D:9)
  Crazy Yiuf (D:2)
  4 human zombies (D:7)
  A gnoll shaman (D:6)
  9 orc wizards
  4 worker ants
  3 iguanas
  Ijyb (D:4)
  3 jellies
  An ogre skeleton (D:6)
  9 adders
  10 gnolls
  2 green rats (D:8)
  4 giant mites
  5 worms
  An adder skeleton (D:8)
  2 giant eyeballs (D:5)
  An iguana skeleton (D:5)
  5 giant geckos
  51 orcs
  15 bats
  7 giant cockroaches
  12 goblins
  A grey rat (D:8)
  14 hobgoblins
  5 jackals
  3 quokkas
  2 ball pythons
  3 giant newts
  A giant spore (D:10)
  A hobgoblin zombie (D:5)
  24 kobolds
  An orc zombie (D:7)
  2 quokka skeletons
  16 rats
  A rat skeleton (D:4)
  A ballistomycete (D:10)
287 creatures vanquished.

Vanquished Creatures (collateral kills)
  A giant frog (D:7)
1 creature vanquished.

Grand Total: 288 creatures vanquished

Notes
Turn   | Place    | Note
--------------------------------------------------------------
     0 | D:1      | Rycklaryybbe, the Draconian Monk, began the quest for the Orb.
     0 | D:1      | Reached XP level 1. HP: 17/17 MP: 0/0
   210 | D:1      | Reached XP level 2. HP: 24/24 MP: 1/1
   865 | D:2      | Reached skill level 5 in Unarmed Combat
   870 | D:2      | Reached XP level 3. HP: 30/30 MP: 2/2
  1322 | D:2      | Noticed Crazy Yiuf
  1431 | D:2      | Reached XP level 4. HP: 35/37 MP: 3/3
  1776 | D:3      | Reached skill level 6 in Unarmed Combat
  2092 | D:3      | Reached XP level 5. HP: 23/44 MP: 4/4
  2602 | D:3      | Reached skill level 7 in Unarmed Combat
  2861 | D:4      | Noticed an ogre
  3019 | D:4      | Noticed Ijyb
  3041 | D:4      | Killed Ijyb
  3041 | D:4      | Reached XP level 6. HP: 48/50 MP: 5/5
  3220 | D:4      | Got an ichor-stained short sword
  3245 | D:3      | Identified the short sword of Order {venom, +Rage rF++ rC+} (You found it on level 4 of the Dungeon)
  3264 | D:4      | Killed an ogre
  3270 | D:4      | Reached skill level 8 in Unarmed Combat
  3342 | D:4      | Noticed a phantom
  3355 | D:4      | Killed a phantom
  3355 | D:4      | Your scales start taking on a dull iron-grey colour.
  3355 | D:4      | Gained mutation: You can survive without breathing. [draconian maturity]
  3355 | D:4      | Reached XP level 7. HP: 51/56 MP: 6/6
  3531 | D:4      | Found Bogiuh's General Store.
  3591 | D:4      | Found a staircase to the Ecumenical Temple.
  3644 | Temple   | Entered the Ecumenical Temple
  3699 | Temple   | Became a worshipper of Warmaster Okawaru
  3699 | Temple   | Acquired Okawaru's first power
  3971 | D:2      | Killed Crazy Yiuf
  3971 | D:2      | Reached skill level 9 in Unarmed Combat
  4072 | D:5      | Entered Level 5 of the Dungeon
  4344 | D:5      | Found Liumigiq's Gadget Shop.
  4403 | D:5      | Noticed Edmund
  4419 | D:5      | Killed Edmund
  4507 | D:5      | Reached skill level 10 in Unarmed Combat
  4507 | D:5      | Reached XP level 8. HP: 32/63 MP: 7/7
  4756 | D:5      | Noticed Blork the orc
  4765 | D:5      | Killed Blork the orc
  4905 | D:5      | Paralysed by a giant eyeball for 3 turns
  4911 | D:5      | Paralysed by a giant eyeball for 2 turns
  5264 | D:6      | Reached skill level 5 in Dodging
  5541 | D:6      | Noticed Duvessa
  5543 | D:6      | Noticed Dowan
  5550 | D:6      | Killed Dowan
  5561 | D:6      | Killed Duvessa
  6436 | D:5      | HP: 3/63 [orc warrior/orcish scimitar (9)]
  6797 | D:7      | Reached XP level 9. HP: 63/69 MP: 8/8
  7313 | D:7      | Found a basalt altar of Yredelemnul.
  7686 | D:8      | Noticed Eustachio
  7708 | D:8      | Killed Eustachio
  8102 | D:8      | Learned a level 2 spell: Stoneskin
  8127 | D:8      | Found a staircase to the Orcish Mines.
  8144 | D:8      | Reached skill level 10 in Dodging
  8337 | D:8      | Reached skill level 1 in Earth Magic
  8502 | D:8      | Reached XP level 10. HP: 51/76 MP: 9/9
  8771 | D:9      | Found Utsar's Weapon Boutique.
  8859 | D:9      | Found Pyaven's Magic Scroll Shop.
  8867 | D:9      | Bought a scroll of blinking for 55 gold pieces
  8892 | D:9      | Reached skill level 5 in Earth Magic
  8900 | D:9      | Found Geybub's Jewellery Emporium.
  8992 | D:9      | Found a staircase to the Lair.
  9011 | D:9      | Identified a scroll of acquirement
  9014 | D:9      | Got a flickering ivory ring
  9017 | D:9      | Identified the ring of Beogh's Condemnation {Ice Dex-1 Int-2 Curse} (You acquired it on level 9 of the Dungeon)
  9134 | D:9      | Found Nokanaad's Weapon Shoppe.
  9242 | D:9      | Noticed an ice statue
  9390 | D:9      | Found a blossoming altar of Fedhas.
  9558 | D:10     | Entered Level 10 of the Dungeon
  9635 | D:10     | Noticed a hill giant
  9664 | D:10     | Killed a hill giant
 10055 | D:10     | Reached skill level 1 in Transmutations
 10130 | D:10     | Acquired Okawaru's second power
 10236 | D:10     | HP: 2/76 [something (7)]
 10237 | D:10     | Slain by an unseen horror

Action                   |  1- 3 |  4- 6 |  7- 9 | 10-12 || total
-------------------------+-------+-------+-------+-------++-------
Melee: Unarmed           |   118 |   125 |   325 |   214 ||   782
       Short sword       |       |    19 |   307 |       ||   326
 Fire: Sling             |       |    10 |       |       ||    10
Throw: Dagger            |     4 |     1 |       |       ||     5
       Club              |     1 |       |       |       ||     1
       Stone             |     1 |       |       |       ||     1
       Dart              |       |       |       |     2 ||     2
 Cast: Stoneskin         |       |       |       |     2 ||     2
Invok: Heroism           |       |       |     4 |     3 ||     7
 Abil: Evoke Berserk Rag |       |     1 |     1 |       ||     2
Evoke: Wand              |       |       |     2 |       ||     2
  Use: Scroll            |     5 |     9 |     8 |     7 ||    29
       Potion            |       |     1 |     8 |     9 ||    18
 Stab: Sleeping          |     6 |     1 |     8 |     3 ||    18
       Distracted        |       |       |     1 |       ||     1
